 Dungeon Crawl Stone Soup version 0.28.0-47-ge53b351184 (webtiles) character file.

Game seed: 12571294959531972864

548 Zeld the Chopper (level 7, 0/63 HPs)
             Began as a Hill Orc Monk on May 2, 2022.
             Succumbed to a gnoll sergeant's poison
             ... on level 5 of the Dungeon.
             The game lasted 00:04:48 (6091 turns).

Zeld the Chopper (Hill Orc Monk)                    Turns: 6091, Time: 00:04:48

Health: 0/63       AC:  2    Str: 16    XL:     7   Next: 28%
Magic:  7/7        EV: 13    Int: 12    God:
Gold:   277        SH:  0    Dex: 13    Spells: 6/6 levels left

rFire   . . .      SeeInvis .   a - +1 hand axe (vamp)
rCold   + . .      Faith    .   (no shield)
rNeg    . . .      Spirit   .   b - +0 robe
rPois   +          Reflect  .   (no helmet)
rElec   .          Harm     .   (no cloak)
rCorr   .          Rampage  .   (no gloves)
Will    .....                   (no boots)
Stlth   ++........              (no amulet)
HPRegen 0.20/turn               (no ring)
MPRegen 0.10/turn               (no ring)

@: lethally poisoned (0 -> -2), hasted, very quick
A: clever 1, cold resistance 1, poison resistance
a: no special abilities


You were on level 5 of the Dungeon.
You visited 1 branch of the dungeon, and saw 5 of its levels.

You collected 277 gold pieces.

Inventory:

Hand Weapons
 a - a +1 vampiric hand axe (weapon)
Armour
 b - a +0 robe (worn)
Wands
 c - a wand of iceblast (9)
Scrolls
 f - 4 scrolls of identify {unknown}
 g - a scroll of brand weapon {unknown}
 h - a scroll of fear {unknown}
 i - a scroll of noise {unknown}
 k - a scroll of teleportation {unknown}
Potions
 d - 3 potions of brilliance
 e - a potion of mutation
 j - a potion of haste


   Skills:
 * Level 6.0 Fighting
 * Level 6.7 Axes
 + Level 2.7 Armour
 + Level 3.3 Dodging
 + Level 3.0 Stealth


You had 6 spell levels left.
You didn't know any spells.
Your spell library was empty.

Dungeon Overview and Level Annotations

Branches:
Dungeon (5/15)
 Temple: D:4-7

Altars:
Beogh

Shops:
D:3 [


Innate Abilities, Weirdness & Mutations

Your mind is acute. (Int +2)
Your flesh is cold resistant. (rC+)
Your system is resistant to poisons. (rPois)


Message History

You feel very sick. The gnoll completely misses you.
The gnoll sergeant barely misses you. The gnoll barely misses you.
The orc closely misses you.
Unknown command.
Unknown command.
You slash the gnoll!
The gnoll is severely wounded.
You hit the orc.
You feel better.
You feel very sick.
The gnoll hits you from afar with a +0 spear!
The gnoll sergeant hits you from afar with a +0 spear of venom!
* * * LOW HITPOINT WARNING * * *
The gnoll hits you with a +0 flail.
* * * LOW HITPOINT WARNING * * *
You are too injured to fight recklessly!
You are too injured to fight recklessly!
* * * LOW HITPOINT WARNING * * *
You feel sick.
* * * LOW HITPOINT WARNING * * *
You feel sick.
Things that are here:
a +0 club; a +0 ring mail
* * * LOW HITPOINT WARNING * * *
You feel sick.
* * * LOW HITPOINT WARNING * * *
You feel sick.
Things that are here:
a +0 flail; a +0 ring mail It was a potion of haste.
You feel yourself speed up.
* * * LOW HITPOINT WARNING * * *
You feel sick. The orc closely misses you.
It was a potion of mutation.
You feel extremely strange.
You feel resistant to cold.
You feel resistant to poisons.
You feel clever.
* * * LOW HITPOINT WARNING * * *
You feel sick. The orc barely misses you.
* * * LOW HITPOINT WARNING * * *
You feel sick.
Things that are here:
a +0 giant spiked club; an ogre corpse You die...

#...... #.....#
#.....# #.....#
#.....# #o.g..#
#))go.#
#g#################
#go)go.)@..$.....(#
#################.#
#...(.......<#.#
#.########.#.#.#
#.#.....##.#.#.#
#.#.###.##.#.#.#
#...# #.#....#.#
#######........#
........)....##


You could see a gnoll sergeant, 2 gnolls and 2 orcs.

Vanquished Creatures
  An ogre (D:5)
  A centaur (D:5)
  A scorpion (D:4)
  An iguana (D:4)
  A hound (D:4)
  An orc wizard (D:4)
  2 hound skeletons (D:4)
  5 gnolls
  5 adders
  An ufetubus (D:5)
  2 adder skeletons (D:4)
  6 dart slugs
  6 orcs
  6 ball pythons
  6 bats
  7 endoplasms
  A giant cockroach (D:1)
  8 goblins
  5 hobgoblins
  9 jackals
  3 quokkas
  6 frilled lizards
  6 kobolds
  9 rats
99 creatures vanquished.

Notes
Turn   | Place    | Note
-------+----------+-------------------------------------------
     0 | D:1      | Zeld the Hill Orc Monk began the quest for the Orb.
     0 | D:1      | Reached XP level 1. HP: 19/19 MP: 1/1
    42 | D:1      | Found a roughly hewn altar of Beogh.
    42 | D:1      | Noticed an orc priest
    44 | D:1      | Noticed an orc priest
    48 | D:1      | Noticed an orc warrior
   255 | D:1      | Reached XP level 2. HP: 27/27 MP: 2/2
   624 | D:3      | Reached XP level 3. HP: 33/33 MP: 3/3
   645 | D:3      | Found Zoplamn's Armour Emporium.
   809 | D:3      | Reached skill level 1 in Armour
  1345 | D:3      | Reached XP level 4. HP: 41/41 MP: 4/4
  2000 | D:2      | Reached skill level 5 in Axes
  2682 | D:1      | You fall into a shaft and drop 1 floor!
  2726 | D:2      | Found a faded altar of an unknown god.
  3476 | D:1      | Reached XP level 5. HP: 36/47 MP: 5/5
  4707 | D:4      | Reached skill level 5 in Fighting
  5226 | D:4      | Reached XP level 6. HP: 13/56 MP: 6/6
  5931 | D:5      | Entered Level 5 of the Dungeon
  5944 | D:5      | Reached XP level 7. HP: 50/62 MP: 7/7
  6086 | D:5      | HP: 3/63 [poisoned by a gnoll sergeant]
  6088 | D:5      | Gained mutation: Your flesh is cold resistant. (rC+)
                  | [potion of mutation]
  6088 | D:5      | Gained mutation: Your system is resistant to poisons.
                  | (rPois) [potion of mutation]
  6088 | D:5      | Gained mutation: Your mind is acute. (Int +2) [potion of
                  | mutation]
  6089 | D:5      | HP: 1/63 [poisoned by a gnoll sergeant]
  6091 | D:5      | Succumbed to a gnoll sergeant's poison

Illustrated notes

Levels and vault maps discovered:
D:1:      erik_arrival_cave_to_civilisation [erik_arrival_cave_to_temple],
          layout_basic, serial_aquarium, aquarium_bridge_square
          [aquarium_subvault_wall, aquarium_subvault_bridge,
          aquarium_subvault_wall, aquarium_subvault_window],
          aquarium_window_corner, aquarium_window_fake, aquarium_view_2d,
          aquarium_balcony_3a, grunt_decor_junction, minmay_surrounded
D:2:      layout_basic, hellmonk_ecumenical_altar_lost_god
D:3:      minmay_door_path, layout_loops_corners, serial_shops,
          nicolae_shop_trees, nicolae_figureground_pulse
D:4:      layout_loops_cross
D:5:      layout_basic

Skill      XL: |  1  2  3  4  5  6  7 |
---------------+----------------------+-----
Fighting       | 4 5 6 |  6.0
Armour         | 1 2 |  2.7
Stealth        | 2 3 |  3.0
Axes           | 5 6 |  6.7
Dodging        | 3 |  3.3

Action                   |  1- 3 |  4- 6 |  7- 9 || total
-------------------------+-------+-------+-------++-------
Melee: Hand axe          |    67 |   254 |    30 ||   351
       Punch             |     2 |     2 |       ||     4
  Use: Potion            |       |     3 |     2 ||     5
 Stab: Sleeping          |     6 |     7 |       ||    13
Armor: Robe              |    12 |    57 |     1 ||    70
Dodge: Dodged            |    51 |   184 |    35 ||   270
